 Dungeon Crawl Stone Soup version 0.23.0 (webtiles) character file.

Game seed: 6323645305155420559

62 wrhowe the Shooter (level 4, -2/34 HPs)
             Began as a Barachi Hunter on Feb 17, 2019.
             Was a Follower of Nemelex Xobeh.
             Succumbed to Crazy Yiuf's poison
             ... on level 3 of the Dungeon.
             The game lasted 00:22:47 (2007 turns).

wrhowe the Shooter (Barachi Hunter)                 Turns: 2007, Time: 00:22:47

Health: -2/34      AC: 11    Str: 13    XL:     4   Next: 8%
Magic:  3/4        EV:  6    Int: 11    God:    Nemelex Xobeh [*.....]
Gold:   160        SH:  0    Dex: 14    Spells: 3/3 levels left

rFire    . . .     SeeInvis .   h - +0 war axe
rCold    . . .     Gourm    .   (no shield)
rNeg     . . .     Faith    +   w - +0 chain mail
rPois    .         Spirit   .   (no helmet)
rElec    .         Reflect  .   (no cloak)
rCorr    .         Harm     .   i - +2 pair of gloves
MR       .....                  (no boots)
Stlth    ..........             n - amulet of faith
HPRegen  0.11/turn              (no ring)
MPRegen  0.09/turn              (no ring)

@: lethally poisoned (-2 -> -35), can't hop, lightly drained, slow
A: +LOS, swims, slowness 1, strong legs 1
a: Hop, Draw Escape, Draw Destruction, Draw Summoning, Renounce Religion


You were on level 3 of the Dungeon.
You worshipped Nemelex Xobeh.
Nemelex Xobeh was aware of your devotion.
You were not hungry.

You visited 1 branch of the dungeon, and saw 3 of its levels.

You collected 160 gold pieces.

Inventory:

Hand Weapons
 a - a +1 shortbow
 b - a +0 short sword
 h - a +0 war axe (weapon)
Missiles
 d - 56 arrows
 m - 6 poisoned needles
 r - 21 bolts
Armour
 c - a +0 leather armour
 i - a +2 pair of gloves (worn)
 w - a +0 chain mail (worn)
Jewellery
 n - an amulet of faith (around neck)
 q - an uncursed ring of teleportation
 t - a +2 ring of evasion {unknown}
 v - an uncursed amulet of the acrobat {unknown}
Scrolls
 e - 3 scrolls of remove curse
 k - a scroll of enchant armour {unknown}
 l - 2 scrolls of teleportation {unknown}
 p - a scroll of amnesia {unknown}
 x - a scroll of noise {unknown}
 y - a scroll of identify
Potions
 g - a potion of curing {unknown}
 j - a potion of heal wounds {unknown}
 o - a potion of berserk rage {unknown}
 u - a potion of lignification {unknown}
 z - a potion of agility {unknown}
 A - a potion of degeneration {unknown}
Comestibles
 f - 5 rations


   Skills:
 + Level 2.5(2.3) Fighting
 - Level 0.6(0.4) Short Blades
 * Level 1.2(1.0) Axes
 * Level 4.9(4.6) Bows
 + Level 0.3(0.1) Armour
 * Level 2.4(2.2) Dodging
 * Level 1.3(1.1) Stealth


You had 3 spell levels left.
You didn't know any spells.
Your spell library contained the following spells:

 Spells                   Type           Power        Failure   Level  Hunger
 Corona                   Hex            #......      100%        1    ##.....
 Ensorcelled Hibernation  Hex/Ice        #.....       100%        2    ###....
 Confuse                  Hex            #.......     100%        3    ####...
 Dazzling Spray           Conj/Hex       #.....       100%        3    ####...
 Tukima's Dance           Hex            #.......     100%        3    ####...


Dungeon Overview and Level Annotations

Branches:
Dungeon (3/15)

Altars:
Dithmenos
Nemelex Xobeh
Xom
Zin

Annotations:
D:3 Crazy Yiuf


Innate Abilities, Weirdness & Mutations

Shadows flee at your approach. (+LOS)
You can swim through water.
You cover ground slowly.
You can hop short distances.


Message History

You feel sick.
Crazy Yiuf hits you with a +3 quarterstaff of chaos.
You are lethally poisoned!
You hit Crazy Yiuf.
Crazy Yiuf is severely wounded.
* * * LOW HITPOINT WARNING * * *
You feel sick.
Crazy Yiuf hits you with a +3 quarterstaff of chaos!
* * * LOW HITPOINT WARNING * * *
You are more poisoned.
It was a potion of cancellation.
You feel magically purged.
* * * LOW HITPOINT WARNING * * *
You feel sick.
Crazy Yiuf sings, "Trees, trees, trees, circus!"
Crazy Yiuf hits you but does no damage.
You are more poisoned.
You hit Crazy Yiuf but do no damage.
Crazy Yiuf is severely wounded.
You die...
Your body glows slightly and disappears.

##.## #.......# ...##
#...# #.......# #..#
##### #######.####..##
#.##.....# #.##.#....
### ♣♣##........#
#)..#♣♣ ♣♣..#..#.###.#
#...'g♣♣♣♣......#.###.#
#...#♣@.♣......##.....#
### ♣♣♣.♣...########..
♣♣♣♣♣## #### #... #.#.
#... ####.# #.....
#.##.#


You could see Crazy Yiuf.

Vanquished Creatures
  An adder (D:2)
  A worm (D:2)
  4 leopard geckos
  4 orcs (D:3)
  2 giant cockroaches (D:1)
  4 goblins
  6 hobgoblins
  8 bats
  2 frilled lizards
  5 kobolds
  3 rats
40 creatures vanquished.

Notes
Turn   | Place    | Note
-------+----------+-------------------------------------------
     0 | D:1      | wrhowe the Barachi Hunter began the quest for the Orb.
     0 | D:1      | Reached XP level 1. HP: 17/17 MP: 1/1
    14 | D:1      | Reached skill level 1 in Stealth
   221 | D:1      | Reached XP level 2. HP: 23/23 MP: 2/2
   823 | D:2      | Reached XP level 3. HP: 8/28 MP: 3/3
  1045 | D:2      | Found a glowing silver altar of Zin.
  1045 | D:2      | Found a shimmering altar of Xom.
  1061 | D:2      | Found a shadowy altar of Dithmenos.
  1064 | D:2      | Found a sparkling altar of Nemelex Xobeh.
  1071 | D:2      | Became a worshipper of Nemelex Xobeh the Trickster
  1079 | D:2      | Received a gift from Nemelex Xobeh
  1259 | D:2      | Reached * piety under Nemelex Xobeh
  1564 | D:3      | Reached XP level 4. HP: 17/34 MP: 4/4
  1569 | D:3      | Reached skill level 1 in Axes
  1861 | D:3      | Received a gift from Nemelex Xobeh
  1992 | D:3      | Found a runed translucent door.
  1993 | D:3      | Noticed Crazy Yiuf
  2007 | D:3      | Succumbed to Crazy Yiuf's poison

Skill      XL: |  1  2  3  4 |
---------------+-------------+-----
Stealth        | 1 |  1.3
Axes           | 1 |  1.2
Fighting       | |  2.5
Short Blades   | |  0.6
Bows           | |  4.9
Armour         | |  0.3
Dodging        | |  2.4

Action                   |  1- 3 |  4- 6 || total
-------------------------+-------+-------++-------
Melee: Short sword       |    32 |       ||    32
       War axe           |    40 |    10 ||    50
 Fire: Shortbow          |    53 |     3 ||    56
 Abil: Hop               |       |     1 ||     1
  Use: Scroll            |     3 |       ||     3
       Potion            |       |     1 ||     1
  Eat: Ration            |     1 |     1 ||     2
Armor: Leather armour    |    36 |       ||    36
       Chain mail        |    11 |     8 ||    19
Dodge: Dodged            |    67 |     2 ||    69
